 Dungeon Crawl Stone Soup version 0.31-a0-1204-ge2c1a860ed (webtiles) character file.

Game seed: 5965427060909518962

166 BubbleThief the Conjurer (level 5, -4/38 HPs)
             Began as a Draconian Conjurer on Dec 12, 2023.
             Slain by Edmund
             ... wielding a +4 dire flail of protection
              (7 damage)
             ... on level 4 of the Dungeon.
             The game lasted 00:06:13 (3072 turns).

BubbleThief the Conjurer (Draconian Conjurer)       Turns: 3072, Time: 00:06:13

Health: -4/38      AC:  5    Str:  9    XL:     5   Next: 22%
Magic:  6/9        EV: 12    Int: 21    God:
Gold:   99         SH:  0    Dex:  9    Spells: 7/10 levels left

rFire   . . .        j - +2 short sword (protect)
rCold   . . .        (no shield)
rNeg    . . .        (body armour unavailable)
rPois   .            (helmet restricted)
rElec   .            (no cloak)
rCorr   .            (no gloves)
SInv    .            (no boots)
Will    .....        (no amulet)
Stlth   ++           (no ring)
HPRegen 0.26/turn    (no ring)
MPRegen 0.11/turn

%: no passive effects
@: no status effects
A: AC +5, unfitting armour, cold-blooded
a: no special abilities


You were on level 4 of the Dungeon.
You visited 1 branch of the dungeon, and saw 4 of its levels.

You collected 99 gold pieces.

Inventory:

Hand Weapons
 j - a +2 short sword of protection (weapon)
Scrolls
 d - 3 scrolls of identify {unknown}
 e - a scroll of noise {unknown}
 g - 2 scrolls of teleportation {unknown}
 i - a scroll of acquirement {unknown}
 m - 2 scrolls of vulnerability {unknown}
 p - a scroll of fear {unknown}
 q - 2 scrolls of blinking {unknown}
Potions
 a - a potion of magic
 b - 2 potions of degeneration {unknown}
 c - a potion of mutation {unknown}
 f - a potion of invisibility {unknown}
 h - 2 potions of lignification {unknown}
 k - a potion of haste {unknown}
 l - 2 potions of curing {unknown}
 n - a potion of brilliance {unknown}
 o - a potion of heal wounds {unknown}


   Skills:
 - Level 1.7 Dodging
 - Level 1.7 Stealth
 + Level 3.3 Spellcasting
 * Level 5.8 Conjurations


You had 7 spell levels left.
You knew the following spells:

 Your Spells              Type           Power      Damage    Failure   Level
a - Magic Dart            Conj           100%       1d8       1%          1
b - Searing Ray           Conj           56%        2d6       1%          2

Your spell library contained the following spells:

 Spells                   Type           Power      Damage    Failure   Level
 Shock                    Conj/Air       60%        1d6       3%          1
 Dazzling Flash           Conj/Hex       30%        N/A       12%         3
 Swiftness                Air            3%         N/A       36%         3
 Fulminant Prism          Conj/Hex       7%         3d7       36%         4
 Iskenderun's Mystic Bla  Conj/Tloc      15%        2d5       36%         4
 Airstrike                Air            1%         2d(1-17)  78%         4


Dungeon Overview and Level Annotations

Branches:
Dungeon (4/15)
 Temple: D:4-7

Altars:
Vehumet
Wu Jian
Zin

Annotations:
D:4 Edmund


Innate Abilities, Weirdness & Mutations

Your plain brown scales are hard. (AC +5)
You cannot fit into any form of body armour.
You are cold-blooded and may be slowed by cold attacks.


Message History

The searing ray hits Edmund.
Edmund is lightly wounded.
The searing ray hits the quokka.
The quokka is severely wounded.
Edmund barely misses you.
Unknown command.
The searing ray hits Edmund.
Edmund is moderately wounded.
The searing ray misses the quokka.
Edmund misses you.
Unknown command.
Without enough magic to sustain it, your searing ray dissipates.
Edmund hits you with a +4 dire flail of protection!
Unknown command.
Press: ? - help, v - describe, . - travel
Here: Edmund, wielding a +4 dire flail of protection and wearing a +0 scale mail (moderately wounded)
The floor.
You aren't carrying any items that you can evoke.
Magic courses through your body. Edmund closely misses you.
Unknown command.
Casting: Searing Ray (safe; 1% risk of failure)
Confirm with . or Enter, or press ? or * to list all spells.
Aiming: Searing Ray (safe; 1% risk of failure)
Press: ? - help, Shift-Dir - straight line, f/p - Edmund
Aim: Edmund, wielding a +4 dire flail of protection and wearing a +0 scale mail (moderately wounded, 82% to hit)
The searing ray hits Edmund.
Edmund is moderately wounded.
The searing ray hits the quokka.
You kill the quokka! (Press . to maintain the ray.) Edmund closely misses you.
The searing ray hits Edmund but does no damage.
Edmund is moderately wounded.
Edmund hits you with a +4 dire flail of protection!
* * * LOW HITPOINT WARNING * * *
Unknown command.
The searing ray hits Edmund but does no damage.
Edmund is moderately wounded.
Edmund hits you with a +4 dire flail of protection!
You die...
Edmund says, "That'll show my brother!"

.#...... .# ##
.#.##.### ...#
.#.#### #.# ...
.#.# # #.###...
.# .. .......
.# ... #.....#
.# ..##.##). <#
...##@# ##
#######.##@##.#
(......[......#
####.##.#######
#.##.# #.##.#
###.##.#
#......#
#.#.##.#
#.#.##.#


You could see Edmund.

Vanquished Creatures
  An iguana (D:4)
  Natasha (D:2)
  Terence (D:2)
  3 adders
  A worm (D:2)
  2 dart slugs
  4 orcs (D:3)
  4 ball pythons
  5 bats
  5 endoplasms
  7 goblins
  6 hobgoblins
  2 jackals
  5 kobolds
  2 quokkas
  A frilled lizard (D:2)
  6 rats
56 creatures vanquished.

Notes
Turn   | Place    | Note
-------+----------+-------------------------------------------
     0 | D:1      | BubbleThief the Draconian Conjurer began the quest for the
                  | Orb.
     0 | D:1      | Reached XP level 1. HP: 14/14 MP: 3/3
   316 | D:1      | Reached XP level 2. HP: 20/20 MP: 1/5
  1141 | D:2      | Reached XP level 3. HP: 19/26 MP: 0/6
  1355 | D:2      | Learned a level 2 spell: Searing Ray
  1625 | D:2      | Noticed Natasha
  1629 | D:2      | Killed Natasha
  1630 | D:2      | Reached skill level 5 in Conjurations
  1693 | D:2      | Noticed Terence
  1702 | D:2      | Killed Terence
  1703 | D:2      | Reached XP level 4. HP: 33/33 MP: 2/8
  1990 | D:3      | Found an ornate altar of the Wu Jian Council.
  2382 | D:3      | Found a glowing silver altar of Zin.
  2384 | D:3      | Found a radiant altar of Vehumet.
  2937 | D:4      | Reached XP level 5. HP: 38/38 MP: 5/9
  3060 | D:4      | Noticed Edmund
  3072 | D:4      | Slain by Edmund

Illustrated notes

Levels and vault maps discovered:
D:1:      minmay_arrival_floating_metal, layout_rooms
D:2:      layout_loops_corners, glass_columns_a, minmay_misc_feat_enclosed,
          chequers_mini_garden, uniq_terence, uniq_natasha
D:3:      layout_loops_ring, nicolae_overflow_hidden_temple
D:4:      layout_basic, mainiacjoe_overflow_big_doors,
          chequers_serial_rivers_room_b, uniq_edmund

Skill      XL: |  1  2  3  4 |
---------------+-------------+-----
Conjurations   | 5 |  5.8
Spellcasting   | 3 |  3.3
Dodging        | |  1.7
Stealth        | |  1.7

Action                     |  1- 3 |  4- 6 || total
---------------------------+-------+-------++-------
  Melee: Unarmed           |     1 |       ||     1
         Short sword       |    26 |    15 ||    41
         Tailslap          |     6 |     1 ||     7
         Punch             |     1 |       ||     1
   Cast: Magic Dart        |    55 |    14 ||    69
         Searing Ray       |     1 |     9 ||    10
    Use: Potion            |       |     1 ||     1
   Stab: Sleeping          |       |     2 ||     2
 Armour: Skin              |    45 |    14 ||    59
  Dodge: Dodged            |    60 |    10 ||    70

Table legend: (Time is in decaauts)
 A = Elapsed time spent in this place.
 B = Non-inter-level travel time spent in this place.
 C = Inter-level travel time spent in this place.
 D = Time resting spent in this place.
 E = Time spent auto-exploring this place.
 F = Levels seen in this place.
 G = Mean time per level.
                   A        B        C        D        E       F      G
               +--------+--------+--------+--------+--------+-----+--------+
         Total |   3085 |   3040 |     45 |      0 |   2621 |   4 |  771.2 |
       Dungeon |   3085 |   3040 |     45 |      0 |   2621 |   4 |  771.2 |
               +--------+--------+--------+--------+--------+-----+--------+

Top non-repeatable levels by time:
     D:2: 1109 daAuts
     D:1: 828 daAuts
     D:3: 770 daAuts
     D:4: 377 daAuts
